 Dungeon Crawl Stone Soup version 0.20-a0-903-g7e3609c (webtiles) character file.

299 Denreik the Poker (level 6, -1/47 HPs)
             Began as a Formicid Chaos Knight on Mar 20, 2017.
             Splashed by a jelly's acid (5 damage)
             ... on level 6 of the Dungeon.
             The game lasted 00:08:43 (2277 turns).

Denreik the Poker (Formicid Chaos Knight)           Turns: 2277, Time: 00:08:43

Health: -1/47      AC: -7    Str: 14      XL:     6   Next: 63%
Magic:  6/6        EV: 11    Int: 12      God:    Xom [....*.]
Gold:   0          SH:  0    Dex: 10 (12) Spells: 5/5 levels left

rFire    . . .     SeeInvis +   a - +0 spear (chaos)
rCold    . . .     Gourm    .   e - +2 leather armour
rNeg     . . .     Faith    .   (no shield)
rPois    .         Spirit   .   (helmet unavailable)
rElec    .         Reflect  .   (no cloak)
rCorr    .         Harm     .   (no gloves)
MR       .....                  (no boots)
Stlth    +.........             (no amulet)
Regen    0.2/turn               (no ring)
MPRegen  0.1/turn               (no ring)

@: corroded
A: permanent stasis, dig shafts and tunnels, four strong arms, antennae 3,
deformed body, shaggy fur 1, weak 1
a: Dig, Shaft Self, Renounce Religion


You were on level 6 of the Dungeon.
You worshipped Xom.
You were a beloved toy of Xom.
You were very hungry.

You visited 1 branch of the dungeon, and saw 5 of its levels.

Inventory:

Hand Weapons
 a - a +0 spear of chaos (weapon)
 b - a +0 hunting sling
Missiles
 h - 13 stones (quivered)
Armour
 e - a +2 leather armour (worn)
 i - a +0 ring mail
 n - a +0 buckler
Magical Staves
 p - an uncursed staff of poison {unknown}
Wands
 g - a wand of iceblast (9/15)
Scrolls
 d - a scroll of enchant armour {unknown}
 j - 3 scrolls of identify {unknown}
 m - a scroll of fog {unknown}
 r - a scroll of teleportation {unknown}
Potions
 k - a potion of flight {unknown}
 l - 2 potions of haste {unknown}
 o - a potion of degeneration {unknown}
Comestibles
 c - a bread ration
 f - 3 meat rations


   Skills:
 - Level 3.5 Fighting
 * Level 5.9 Polearms
 * Level 3.3 Slings
 - Level 2.2 Armour
 - Level 0.8 Dodging


You had 5 spell levels left.
You didn't know any spells.

Dungeon Overview and Level Annotations

Branches:
Dungeon (4/15)
 Temple: D:4-7

Altars:


Innate Abilities, Weirdness & Mutations

You cannot be hasted, slowed, berserked, paralysed or teleported.
You can dig through walls and to a lower floor.
Your four strong arms can wield two-handed weapons with a shield.
You have a pair of large antennae on your head. (SInv)
Armour fits poorly on your strangely shaped body.
You are covered in fur. (AC +1)
You are weak. (Str -2)


Message History

You hit the jelly. You burn the jelly. The acid corrodes you!
Your hands burn!
The jelly is moderately wounded.
You hit the jelly but do no damage.
Your hands burn!
The jelly is moderately wounded.
The jelly hits you. The acid corrodes you!
You are splashed with acid!
The acid burns!
You completely miss the jelly.
The jelly is moderately wounded.
The jelly hits you.
You are splashed with acid!
The acid burns!
You hit the jelly but do no damage.
Your hands burn!
The jelly is moderately wounded.
The jelly hits you.
* * * LOW HITPOINT WARNING * * *
The acid corrodes you!
You are splashed with acid!
The acid burns!
* * * LOW HITPOINT WARNING * * *
You hit the jelly but do no damage.
The jelly seems to speed up.
Xom is highly amused!
Your hands burn!
You die...
Xom cackles wildly!

...#.....#.........#....#..
.......#.........#....#..
#.....#..##.....#....#..
#.....##'##'#####....##.
#.....#..#........#####.
+....5#..#........#.....
#.....####........#.....
#.....J...........#####'
#......@..#'####........
#.........#....#........
#.........#....#........
......######..###........
.......+ #### #########
....... { ...... ###


You could see a jelly and a crimson imp (petrified).

Vanquished Creatures
  A crimson imp (D:6)
  A jelly (shapeshifter) (D:3)
  4 orc wizards (D:4)
  Terence (D:3)
  A worker ant (D:4)
  2 adders (D:3)
  2 shadow imps (D:6)
  A worm (D:6)
  5 orcs
  4 bats
  3 goblins
  4 hobgoblins
  A kobold (D:3)
  A quokka (D:2)
  A frilled lizard (D:3)
  A jackal zombie (D:6)
  A rat (D:3)
34 creatures vanquished.

Vanquished Creatures (others)
  An orc priest (D:4)
  A plant (D:6)
2 creatures vanquished.

Grand Total: 36 creatures vanquished

Notes
Turn   | Place    | Note
-------+----------+-------------------------------------------
     0 | D:1      | Denreik the Formicid Chaos Knight began the quest for the Orb.
     0 | D:1      | Reached XP level 1. HP: 18/18 MP: 1/1
    43 | D:1      | You fall through a shaft!
   161 | D:2      | You fall through a shaft!
   181 | D:3      | Reached XP level 2. HP: 24/24 MP: 2/2
   356 | D:3      | Reached XP level 3. HP: 13/29 MP: 3/3
   358 | D:3      | Reached skill level 4 in Polearms
   358 | D:3      | Reached skill level 1 in Slings
   358 | D:3      | Reached XP level 4. HP: 10/35 MP: 4/4
   592 | D:3      | XOM: harmless Tloc miscast
   619 | D:3      | Noticed Terence
   646 | D:3      | Killed Terence
   647 | D:3      | You fall through a shaft!
   676 | D:4      | XOM: cloud trail
   697 | D:4      | XOM: god gift: wand of iceblast (?/15) {god gift}
   997 | D:3      | XOM: harmless Conj miscast
  1277 | D:3      | You fall through a shaft!
  1304 | D:4      | XOM: confuse monster(s)
  1384 | D:3      | XOM: give mutations
  1384 | D:3      | Gained mutation: Armour fits poorly on your strangely shaped body. [Xom's mischief]
  1384 | D:3      | Gained mutation: You are covered in fur. (AC +1) [Xom's mischief]
  1384 | D:3      | Gained mutation: You are weak. (Str -2) [Xom's mischief]
  1513 | D:4      | Reached skill level 5 in Polearms
  1513 | D:4      | Reached XP level 5. HP: 40/41 MP: 5/5
  1550 | D:4      | Reached XP level 6. HP: 34/47 MP: 6/6
  1568 | D:4      | XOM: butterfly on damage
  1816 | D:4      | You fall through a shaft for 2 floors!
  1903 | D:6      | XOM: summons 2 hostile shadow creatures
  2202 | D:6      | XOM: fog
  2277 | D:6      | Splashed by a jelly's acid

Vault maps used:
D:1:      tarquinn_simple_flora_water_b, kennysheep_minor_cross, st_stairs_10
D:2:      mumra_celtic_spiral_tile, grunt_gozag_breadcrumbs,
          overflow_temple_1_default, zin_statuary
D:3:      first_bread, uniq_terence
D:4:      kennysheep_mini, minmay_guarded_unrand_vampires_tooth
D:6:      kennysheep_boxes

Skill      XL: |  1  2  3  4  5  6 |
---------------+-------------------+-----
Polearms       | 4 5 |  5.9
Slings         | 1 2 3 |  3.3
Fighting       | |  3.5
Armour         | |  2.2
Dodging        | |  0.8

Action                   |  1- 3 |  4- 6 || total
-------------------------+-------+-------++-------
Melee: Spear             |    33 |   199 ||   232
 Fire: Hunting sling     |     3 |    20 ||    23
Throw: Stone             |       |     3 ||     3
 Abil: Shaft Self        |     2 |     3 ||     5
       Dig               |       |     1 ||     1
  Use: Potion            |     1 |     1 ||     2
 Stab: Petrified         |       |    18 ||    18
       Confused          |       |     2 ||     2
       Petrifying        |       |     1 ||     1
  Eat: Chunk             |       |     5 ||     5
Armor: Leather armour    |     9 |    80 ||    89
Dodge: Dodged            |    14 |    90 ||   104
